 Dungeon Crawl Stone Soup version 0.31-a0-344-gd109795599 (webtiles) character file.

Game seed: 5610745611995853247

140 garrulousMonolith the Ruffian (level 5, -1/40 HPs)
             Began as a Gnoll Shapeshifter on July 21, 2023.
             Slain by an orc priest
             ... wielding a +0 trident
              (9 damage)
             ... on level 3 of the Dungeon.
             The game lasted 00:02:00 (1603 turns).

garrulousMonolith the Ruffian (Gnoll Shapeshifter)  Turns: 1603, Time: 00:02:01

Health: -1/40      AC:  3    Str: 16    XL:     5   Next: 23%
Magic:  7/7        EV: 13    Int:  8    God:
Gold:   148        SH:  0    Dex: 12    Spells: 6/6 levels left

rFire   . .          .
                       - Unarmed
rCold   + . .        (no shield)
rNeg    . . .        j - +0 leather armour
rPois   .            (helmet currently unavailable)
rElec   .            (cloak currently unavailable)
rCorr   .            (gloves currently unavailable)
SInv    .            (boots currently unavailable)
Will    .....        (no amulet)
Stlth   +            f - ring of protection from cold
HPRegen 0.26/turn    (no ring)
MPRegen 0.10/turn

%: no passive effects
@: confused, beast-form, ambrosia-drunk
A: beast (slay +4), fangs 1, strong nose, distributed training
a: Begin Untransformation


You were on level 3 of the Dungeon.
You were a hulking beast.
You visited 1 branch of the dungeon, and saw 3 of its levels.

You collected 148 gold pieces.

Inventory:

Missiles
 a - 10 poisoned darts
Armour
 j - a +0 leather armour (worn)
 n - a +0 pair of boots
Magical Staves
 m - a staff of poison
Jewellery
 f - a ring of protection from cold (left hand)
Talismans
 c - a beast talisman
 h - a talisman of death
Scrolls
 d - a scroll of poison {unknown}
 e - a scroll of amnesia {unknown}
 k - a scroll of teleportation {unknown}
 o - a scroll of butterflies {unknown}
 p - a scroll of blinking {unknown}
 q - a scroll of revelation {unknown}
 r - a scroll of identify {unknown}
Potions
 b - a potion of lignification
 i - a potion of magic {unknown}
 l - a potion of enlightenment {unknown}


   Skills:
 + Level 2.9 Fighting
 + Level 1.4 Short Blades
 + Level 1.4 Long Blades
 + Level 1.4 Axes
 + Level 1.4 Maces & Flails
 + Level 1.4 Polearms
 + Level 1.4 Staves
 + Level 1.4 Ranged Weapons
 + Level 1.4 Throwing
 + Level 1.4 Armour
 + Level 4.7 Dodging
 + Level 1.4 Stealth
 + Level 1.4 Shields
 + Level 6.7 Unarmed Combat
 + Level 1.4 Spellcasting
 + Level 1.1 Conjurations
 + Level 1.1 Hexes
 + Level 1.1 Summonings
 + Level 1.1 Necromancy
 + Level 1.1 Translocations
 + Level 1.1 Transmutations
 + Level 1.1 Fire Magic
 + Level 1.1 Ice Magic
 + Level 1.1 Air Magic
 + Level 1.1 Earth Magic
 + Level 1.1 Poison Magic
 + Level 1.6 Invocations
 + Level 1.4 Evocations
 + Level 6.6 Shapeshifting


You had 6 spell levels left.
You didn't know any spells.
Your spell library contained the following spells:

 Spells                   Type           Power      Damage    Failure   Level
 Freeze                   Ice            8%         1d3       28%         1
 Frozen Ramparts          Ice            4%         1d1       65%         3
 Hailstorm                Conj/Ice       2%         3d3       65%         3


Dungeon Overview and Level Annotations

Branches:
Dungeon (3/15)

Altars:


Innate Abilities, Weirdness & Mutations

You are a hulking beast.
Your limbs bulge with bestial killing power. (Slay +4)
You have very sharp teeth.
Your uncanny sense of smell can sniff out nearby items.
Your experience applies equally to all skills.


Message History

Reactivating autopickup.
You feel a bit more experienced. The orc barely misses you.
The orc priest hits you from afar with a +0 trident.
The orc closely misses you. The orc priest barely misses you.
Things that are here:
a +0 dagger; a +0 robe; an orc corpse The orc closely misses you.
The orc priest calls down the wrath of Beogh upon you.
Pain shoots through your body!
You punch the orc priest!
You bite the orc priest, but do no damage.
The orc priest is heavily wounded.
The orc hits you but does no damage. The orc misses you.
The orc priest mumbles some strange prayers to Beogh against you.
Pain shoots through your body!
* * * LOW HITPOINT WARNING * * *
You hit the orc priest.
The orc priest is severely wounded.
The orc misses you. x2
The orc priest hits you with a +0 trident.
* * * LOW HITPOINT WARNING * * *
It was a potion of ambrosia.
You are confused.
You feel invigorated. The orc closely misses you. The orc barely misses you.
The orc priest hits you with a +0 trident.
* * * LOW HITPOINT WARNING * * *
The orc attacks as you move away! The orc misses you.
The orc closely misses you.
The orc priest hits you with a +0 trident.
* * * LOW HITPOINT WARNING * * *
You completely miss the orc priest.
The orc priest is severely wounded.
The orc hits you with a +0 short sword.
* * * LOW HITPOINT WARNING * * *
The orc hits you but does no damage.
The orc priest jeers loudly.
The orc priest hits you with a +0 trident.
* * * LOW HITPOINT WARNING * * *
The orc priest hits you from afar with a +0 trident!
You die...

.............###.###
#............# #.#
#............
...#.........## ##
...#..... ....# .#
..####### #..###.####
.......######).#.....#
######.......).o.....#
# #########ooh....# #
###.....# # ####### #
#


You could see an orc priest and 2 orcs.

Vanquished Creatures
  An orc wizard (D:3)
  4 adders
  A worm (D:2)
  A dart slug (D:1)
  4 orcs (D:3)
  6 bats
  6 endoplasms
  A giant cockroach (D:1)
  7 goblins
  8 hobgoblins
  12 jackals (D:1)
  2 kobolds (D:1)
  2 quokkas
  4 ball pythons
  2 rats
61 creatures vanquished.

Notes
Turn   | Place    | Note
-------+----------+-------------------------------------------
     0 | D:1      | garrulousMonolith the Gnoll Shapeshifter began the quest
                  | for the Orb.
     0 | D:1      | Reached XP level 1. HP: 17/17 MP: 1/1
   156 | D:1      | Reached XP level 2. HP: 21/23 MP: 2/2
   245 | D:1      | Reached XP level 3. HP: 22/28 MP: 3/3
   550 | D:1      | Reached skill level 1 in Invocations
   674 | D:1      | Reached skill level 1 in Short Blades
   674 | D:1      | Reached skill level 1 in Long Blades
   674 | D:1      | Reached skill level 1 in Axes
   674 | D:1      | Reached skill level 1 in Maces & Flails
   674 | D:1      | Reached skill level 1 in Polearms
   674 | D:1      | Reached skill level 1 in Staves
   674 | D:1      | Reached skill level 1 in Ranged Weapons
   674 | D:1      | Reached skill level 1 in Throwing
   674 | D:1      | Reached skill level 1 in Armour
   674 | D:1      | Reached skill level 1 in Stealth
   674 | D:1      | Reached skill level 1 in Shields
   674 | D:1      | Reached skill level 1 in Spellcasting
   674 | D:1      | Reached skill level 1 in Evocations
   946 | D:2      | Reached XP level 4. HP: 34/34 MP: 5/5
  1423 | D:3      | Reached skill level 1 in Conjurations
  1423 | D:3      | Reached skill level 1 in Hexes
  1423 | D:3      | Reached skill level 1 in Summonings
  1423 | D:3      | Reached skill level 1 in Necromancy
  1423 | D:3      | Reached skill level 1 in Translocations
  1423 | D:3      | Reached skill level 1 in Transmutations
  1423 | D:3      | Reached skill level 1 in Fire Magic
  1423 | D:3      | Reached skill level 1 in Ice Magic
  1423 | D:3      | Reached skill level 1 in Air Magic
  1423 | D:3      | Reached skill level 1 in Earth Magic
  1423 | D:3      | Reached skill level 1 in Poison Magic
  1593 | D:3      | Reached XP level 5. HP: 32/40 MP: 5/7
  1603 | D:3      | Slain by an orc priest

Illustrated notes

Levels and vault maps discovered:
D:1:      minmay_arrival_open_corners, layout_basic
D:2:      layout_rooms
D:3:      layout_rooms, nicolae_vehumet_radiance

Skill      XL: |  1  2  3  4 |
---------------+-------------+-----
Invocations    | 1 |  1.6
Short Blades   | 1 |  1.4
Long Blades    | 1 |  1.4
Axes           | 1 |  1.4
Maces & Flails | 1 |  1.4
Polearms       | 1 |  1.4
Staves         | 1 |  1.4
Ranged Weapons | 1 |  1.4
Throwing       | 1 |  1.4
Armour         | 1 |  1.4
Stealth        | 1 |  1.4
Shields        | 1 |  1.4
Spellcasting   | 1 |  1.4
Evocations     | 1 |  1.4
Conjurations   | 1 |  1.1
Hexes          | 1 |  1.1
Summonings     | 1 |  1.1
Necromancy     | 1 |  1.1
Translocations | 1 |  1.1
Transmutations | 1 |  1.1
Fire Magic     | 1 |  1.1
Ice Magic      | 1 |  1.1
Air Magic      | 1 |  1.1
Earth Magic    | 1 |  1.1
Poison Magic   | 1 |  1.1
Fighting       | |  2.9
Dodging        | |  4.7
Unarmed Combat | |  6.7
Shapeshifting  | |  6.6

Action                     |  1- 3 |  4- 6 || total
---------------------------+-------+-------++-------
  Melee: Unarmed           |    73 |    43 ||   116
         Bite              |     7 |     3 ||    10
         Punch             |       |     1 ||     1
    Use: Potion            |       |     1 ||     1
   Stab: Sleeping          |     2 |       ||     2
         Distracted        |     1 |       ||     1
 Armour: Animal skin       |    22 |       ||    22
         Leather armour    |       |     6 ||     6
  Dodge: Dodged            |    65 |    30 ||    95

Table legend: (Time is in decaauts)
 A = Elapsed time spent in this place.
 B = Non-inter-level travel time spent in this place.
 C = Inter-level travel time spent in this place.
 D = Time resting spent in this place.
 E = Time spent auto-exploring this place.
 F = Levels seen in this place.
 G = Mean time per level.
                   A        B        C        D        E       F      G
               +--------+--------+--------+--------+--------+-----+--------+
         Total |   1588 |   1565 |     23 |    146 |   1051 |   3 |  529.3 |
       Dungeon |   1588 |   1565 |     23 |    146 |   1051 |   3 |  529.3 |
               +--------+--------+--------+--------+--------+-----+--------+

Top non-repeatable levels by time:
     D:1: 907 daAuts
     D:2: 410 daAuts
     D:3: 271 daAuts
